 Dungeon Crawl Stone Soup version 0.20.1-1-g8b1a95d (webtiles) character file.

10101 tehllama the Geomancer (level 11, -1/64 HPs)
             Began as a Gargoyle Earth Elementalist on July 19, 2017.
             Was a Believer of Vehumet.
             Slain by a blink frog (12 damage)
             ... on level 1 of the Lair of Beasts.
             The game lasted 00:42:51 (12730 turns).

tehllama the Geomancer (GrEE)                      Turns: 12730, Time: 00:42:51

Health: -1/64      AC: 16    Str: 11    XL:     11   Next: 56%
Magic:  2/21       EV: 13    Int: 20    God:    Vehumet [**....]
Gold:   299        SH:  5    Dex: 10    Spells: 15/24 levels left

rFire    + . .     SeeInvis .   b - +3 flail (holy)
rCold    x . .     Gourm    .   (no shield)
rNeg     + . .     Faith    .   T - +2 robe
rPois    ∞         Spirit   .   t - +2 hat
rElec    +         Reflect  +   O - scarf {cloud immunity}
rCorr    .         Harm     .   a - +0 pair of gloves
MR       .....                  G - +0 pair of boots
Stlth    ++........             P - +5 amulet of reflection
Regen    0.2/turn               K - ring of fire
MPRegen  0.2/turn               (no ring)

@: hasted (expiring), very quick
A: negative energy resistance 1, electricity resistance, unbreathing,
petrification resistance, rot immunity, AC +7
a: Renounce Religion


You were on level 1 of the Lair of Beasts.
You worshipped Vehumet.
Vehumet was pleased with you.
You were hungry.

You visited 3 branches of the dungeon, and saw 12 of its levels.

You collected 383 gold pieces.
You spent 84 gold pieces at shops.

Inventory:

Hand Weapons
 b - a +3 flail of holy wrath (weapon)
Armour
 a - a +0 pair of gloves (worn)
 j - a +3 leather armour
 t - a +2 hat (worn)
 G - a +0 pair of boots (worn)
 O - a scarf of cloud immunity (worn)
 T - a +2 robe (worn)
Jewellery
 K - a ring of fire (left hand)
 P - a +5 amulet of reflection (around neck)
Wands
 c - a wand of confusion (18/48)
 p - a wand of confusion (30/48)
 F - a wand of disintegration (24/24)
 I - a wand of digging (10/24)
 N - a wand of disintegration (19/24)
Scrolls
 f - 3 scrolls of remove curse
 g - a scroll of blinking {unknown}
 i - 4 scrolls of teleportation
 k - a scroll of recharging
 o - a scroll of enchant armour
Potions
 z - 3 potions of lignification
 E - a potion of invisibility
Books
 e - a book of Geomancy

   Spells                             Type                      Level
   a - Sandblast                      Earth                        1
   b - Passwall                       Transmutation/Earth          2
   c - Stone Arrow                    Conjuration/Earth            3
   d - Petrify                        Transmutation/Earth          4
   e - Lee's Rapid Deconstruction     Earth                        5
Miscellaneous
 Q - a phantom mirror
Comestibles
 d - 5 bread rations
 h - 2 fruits
 n - 6 royal jellies
 C - 3 meat rations


   Skills:
 + Level 6.0 Fighting
 + Level 5.5 Maces & Flails
 + Level 6.2 Armour
 + Level 4.8 Dodging
 - Level 2.1 Stealth
 + Level 7.0 Spellcasting
 + Level 7.5 Conjurations
   Level 0.7 Transmutations
 + Level 9.9 Earth Magic
 + Level 4.9 Evocations


You had 15 spell levels left.
You knew the following spells:

 Your Spells              Type           Power        Failure   Level  Hunger
a - Sandblast             Erth           #####.       1%          1    None
b - Stone Arrow           Conj/Erth      #####.       1%          3    #......
c - Lee's Rapid Deconstr  Erth           #####.....   4%          5    #####..


Dungeon Overview and Level Annotations

Branches:
Dungeon (9/15)             Temple (1/1) D:5            Lair (2/6) D:9
  Swamp: Lair:2-4    Shoals: Lair:2-4     Snake: Lair:2-4    Spider: Lair:2-4
    Orc: D:9-12

Altars:
Ashenzari
Cheibriados
Dithmenos
Elyvilon
Fedhas
Gozag
Hepliaklqana
Kikubaaqudgha
Makhleb
Nemelex Xobeh
Okawaru
Qazlal
Ru
Sif Muna
Trog
Uskayaw
Vehumet
Xom
Yredelemnul
Zin
The Shining One

Shops:
D:4 *   D:5 *   D:6 *   D:8 [

Annotations:
Lair:1 exclusion: 2 oklob plants


Innate Abilities, Weirdness & Mutations

You are resistant to torment.
Your stone body is resilient. (AC +7)
You are immune to poison.
You resist negative energy. (rN+)
You are resistant to electric shocks. (rElec)
You can survive without breathing.
You are immune to petrification.
You are immune to rotting.


Message History

Your +0 pair of gloves unmelds from your body.
Your +0 pair of boots unmelds from your body.
Your +2 robe unmelds from your body.
You feel immune to the effects of clouds.
The blink frog hits you!
* * * LOW HITPOINT WARNING * * *
The blink frog blinks!
Casting: Stone Arrow
Confirm with . or Enter, or press ? or * to list all spells.
You can't see any susceptible monsters within range! (Use Z to cast anyway.)
Your extra speed is starting to run out.
The blink frog blinks!
The blink frog barely misses you.
Casting: Stone Arrow
Confirm with . or Enter, or press ? or * to list all spells.
Aiming: Stone Arrow
Press: ? - help, Shift-Dir - straight line, f - blink frog
Aim: a blink frog (severely wounded)
The stone arrow misses the blink frog.
The blink frog hits you!
You die...

#...### #....###....#
###...# ##...###.....##
##..## ##.#### #......##
##..#####.## ##......#
##........##### #.....##
##...........#.####......##
#................###.....P#
##..................#######
#..##.....@F^.........#####
###
#####............§....>....
..#
##..........[...........
..##
##..#.#########..........
...# #..#### ###.###....
...## ##.# ### #.##. ....#
#.## ##### ....#####.##
.....#.#...##


You could see a blink frog.

Vanquished Creatures
  2 two-headed ogres
  Pikel (D:9)
  A spiny frog (Lair:1)
  Psyche (D:8)
  A rime drake (Lair:1)
  A troll (D:9)
  5 blink frogs
  3 hippogriffs
  7 yaks
  A basilisk (Lair:1)
  2 humans (D:8)
  Edmund (D:6)
  7 water moccasins
  5 porcupines
  A black bear (D:9)
  A slave (D:9)
  2 sky beasts
  3 ice beasts (D:9)
  5 ogres
  A centaur (D:5)
  3 crocodiles
  6 bullfrogs
  The ghost of ces the Sneak, an amateur SpSk (D:4)
  6 scorpions
  6 killer bees (D:8)
  A centaur zombie (D:8)
  A bullfrog zombie (D:7)
  5 hounds
  An orc priest (D:4)
  3 jellies
  A bullfrog skeleton (D:7)
  Natasha (D:3)
  A centaur skeleton (D:4)
  2 iguanas
  An orc wizard (D:4)
  4 worker ants
  A hound zombie (D:5)
  2 hound skeletons
  5 gnolls
  12 adders
  A shadow imp (D:8)
  An adder zombie (D:5)
  7 worms
  4 dart slugs
  3 leopard geckos
  6 orcs
  8 ball pythons
  13 giant cockroaches (D:2)
  8 goblins
  4 hobgoblins
  7 jackals
  3 quokkas
  9 bats
  4 frilled lizards
  A jackal skeleton (D:5)
  A jackal zombie (D:7)
  10 kobolds
  A leopard gecko skeleton (D:5)
  A leopard gecko zombie (D:5)
  5 rats
211 creatures vanquished.

Vanquished Creatures (others)
  3 slaves (D:9)
  A bullfrog (D:9)
  50 fungi
  33 plants
87 creatures vanquished.

Grand Total: 298 creatures vanquished

Notes
Turn   | Place    | Note
-------+----------+-------------------------------------------
     0 | D:1      | tehllama the Gargoyle Earth Elementalist began the quest for the Orb.
     0 | D:1      | Reached XP level 1. HP: 10/10 MP: 3/3
    76 | D:1      | Reached XP level 2. HP: 1/15 MP: 0/5
   344 | D:1      | Reached skill level 4 in Earth Magic
   559 | D:1      | Reached XP level 3. HP: 14/19 MP: 1/7
  1003 | D:1      | Learned a level 3 spell: Stone Arrow
  1520 | D:2      | Found a glowing silver altar of Zin.
  1624 | D:2      | Found a burning altar of Makhleb.
  1625 | D:2      | Noticed an angel
  1627 | D:2      | Noticed a balrug
  1800 | D:2      | Reached XP level 4. HP: 18/24 MP: 8/8
  1810 | D:2      | Reached skill level 1 in Conjurations
  2277 | D:2      | Reached skill level 5 in Earth Magic
  2326 | D:2      | Found a bloodstained altar of Trog.
  2368 | D:2      | Found a glowing golden altar of the Shining One.
  3063 | D:3      | Reached XP level 5. HP: 28/28 MP: 9/9
  3070 | D:3      | Learned a level 5 spell: Lee's Rapid Deconstruction
  3519 | D:3      | Noticed Natasha
  3525 | D:3      | Killed Natasha
  3620 | D:4      | Found Ygym's Assorted Antiques.
  3910 | D:4      | Reached XP level 6. HP: 18/32 MP: 8/11
  4258 | D:4      | Reached skill level 6 in Earth Magic
  4554 | D:4      | Noticed ces's ghost (amateur SpSk)
  4560 | D:4      | Killed ces's ghost
  4584 | D:4      | Reached XP level 7. HP: 28/36 MP: 11/13
  4675 | D:4      | Found a deep blue altar of Sif Muna.
  5065 | D:5      | Entered Level 5 of the Dungeon
  5193 | D:5      | Found Koank's Assorted Antiques.
  5351 | D:5      | Reached skill level 7 in Earth Magic
  5462 | D:5      | Found a staircase to the Ecumenical Temple.
  5476 | Temple   | Entered the Ecumenical Temple
  5496 | Temple   | Became a worshipper of Vehumet
  5648 | D:5      | Found a white marble altar of Elyvilon.
  6033 | D:5      | You fall through a shaft for 2 floors!
  6035 | D:7      | Noticed a two-headed ogre
  6042 | D:7      | Killed a two-headed ogre
  6042 | D:7      | Reached skill level 1 in Maces & Flails
  6042 | D:7      | Reached skill level 5 in Spellcasting
  6042 | D:7      | Reached skill level 5 in Conjurations
  6042 | D:7      | Reached skill level 1 in Evocations
  6042 | D:7      | Reached XP level 8. HP: 43/44 MP: 6/15
  6302 | D:7      | Found a stormy altar of Qazlal.
  6468 | D:7      | Found a hide-covered altar of Uskayaw.
  6535 | D:7      | Reached XP level 9. HP: 49/49 MP: 14/17
  6654 | D:6      | Noticed Edmund
  6663 | D:6      | Killed Edmund
  6663 | D:6      | Reached skill level 8 in Earth Magic
  7303 | D:6      | Reached * piety under Vehumet
  7303 | D:6      | Offered knowledge of Freeze by Vehumet.
  7325 | D:6      | Found Fedar's Assorted Antiques.
  7340 | D:6      | Found a hazy altar of Hepliaklqana.
  7995 | D:7      | Found a snail-covered altar of Cheibriados.
  8429 | D:8      | Noticed Psyche
  8441 | D:8      | Killed Psyche
  8679 | D:8      | Reached XP level 10. HP: 55/56 MP: 7/19
  8868 | D:8      | Found an iron altar of Okawaru.
  9162 | D:8      | Found Zieduhuz's Armour Shop.
  9171 | D:8      | Bought a scarf of cloud immunity for 84 gold pieces
  9269 | D:9      | Found a sparkling altar of Nemelex Xobeh.
  9691 | D:9      | Noticed a two-headed ogre
  9697 | D:9      | Killed a two-headed ogre
  9697 | D:9      | Reached skill level 9 in Earth Magic
 10003 | D:9      | Noticed Pikel
 10008 | D:9      | Killed Pikel
 10035 | D:9      | Reached skill level 5 in Armour
 10043 | D:9      | Reached skill level 5 in Fighting
 10252 | D:9      | Reached ** piety under Vehumet
 10308 | D:9      | Offered knowledge of Throw Frost by Vehumet.
 10370 | D:9      | Found a staircase to the Lair.
 10749 | Lair:1   | Entered Level 1 of the Lair of Beasts
 10751 | Lair:1   | Reached XP level 11. HP: 64/64 MP: 20/20
 10760 | Lair:1   | Reached skill level 5 in Maces & Flails
 11322 | Lair:1   | Noticed an oklob plant
 11330 | Lair:1   | Noticed an oklob plant
 11567 | Lair:1   | HP: 2/64 [komodo dragon (16)]
 12730 | Lair:1   | Slain by a blink frog

Skill      XL: |  1  2  3  4  5  6  7  8  9 10 11 |
---------------+----------------------------------+-----
Earth Magic    | 4 5 6 7 8 9 |  9.9
Conjurations   | 1 2 3 5 6 7 |  7.5
Spellcasting   | 3 4 5 6 7 |  7.0
Fighting       | 2 4 5 6 |  6.0
Maces & Flails | 1 2 3 4 5 |  5.5
Armour         | 2 3 5 6 |  6.2
Dodging        | 2 3 4 |  4.8
Evocations     | 1 2 3 4 |  4.9
Stealth        | |  2.1
Transmutations | |  0.7

Action                   |  1- 3 |  4- 6 |  7- 9 | 10-12 || total
-------------------------+-------+-------+-------+-------++-------
Melee: Unarmed           |     7 |       |       |       ||     7
       Club              |   140 |   213 |    74 |       ||   427
       Mace              |       |       |    12 |       ||    12
       Flail             |       |       |    36 |    68 ||   104
 Cast: Sandblast         |    24 |    46 |    60 |    99 ||   229
       Stone Arrow       |       |       |    34 |    57 ||    91
       Lee's Rapid Decon |       |       |     2 |     7 ||     9
  Use: Scroll            |       |     5 |     8 |     7 ||    20
       Potion            |       |       |       |     9 ||     9
 Stab: Sleeping          |     2 |     5 |     2 |       ||     9
       Distracted        |       |     1 |       |       ||     1
  Eat: Chunk             |     3 |     9 |     6 |    15 ||    33
       Bread ration      |       |       |     2 |       ||     2
Armor: Robe              |    77 |   114 |    97 |    77 ||   365
       Skin              |       |       |       |    12 ||    12
Dodge: Dodged            |   144 |   217 |   144 |   121 ||   626
Block: Other             |       |       |       |    49 ||    49
